[Event "Titled Tuesday Blitz May 23 Late 2023"]
[White "Caruana, Fabiano"]
[Black "Baskakov, Egor"]
[WhiteFideId "2020009"]
[BlackFideId "24197866"]
[WhiteElo "2837"]
[BlackElo "2225"]
[Result "1-0"]
[Round "05"]
[TimeControl "180+2"]
[Date "2023.05.23"]
[WhiteClock "0:00:09"]
[BlackClock "0:00:01"]

1. d4 Nf6 2. Nf3 e6 3. g3 d5 4. Bg2 Be7 5. O-O O-O 6. c4 Ne4 7. Qc2 f5 8. b3 c6 9. Ba3 Bd7 10. Bxe7 Qxe7 11. Nc3 Be8 12. Ne5 Nd7 13. Nxd7 Qxd7 14. e3 g5 15. f4 gxf4 16. Rxf4 Bg6 17. Nxe4 fxe4 18. Raf1 Rxf4 19. Rxf4 Rf8 20. Qf2 Qe7 21. Bh3 Rxf4 22. Qxf4 Bf7 23. c5 b6 24. b4 bxc5 25. bxc5 Kg7 26. Kg2 Qf6 27. Bg4 Qxf4 28. exf4 Kf6 29. Be2 a5 30. g4 h6 31. h4 Bg6 32. Kf2 Ke7 33. h5 Be8 34. g5 Kf7 35. Ke3 Kg7 36. Kd2 Kf8 37. Kc3 Kg7 38. Kb3 hxg5 39. fxg5 e5 40. Kc3 exd4+ 41. Kxd4 Bf7 42. Ke5 Be8 43. a3 Bf7 44. Kf5 Be8 45. Kf4 Bf7 46. Ke5 Be8 47. Bg4 Bf7 48. h6+ Kh7 49. Kd4 Kg6 50. Bh5+ Kxg5 51. h7 1-0


[Site "https://www.chess.com"]

[Event "Titled Tuesday Blitz May 23 Late 2023"]
[White "Bacrot, Etienne"]
[Black "Bluebaum, Matthias"]
[WhiteFideId "605506"]
[BlackFideId "24651516"]
[WhiteElo "2672"]
[BlackElo "2639"]
[Result "0-1"]
[Round "05"]
[TimeControl "180+2"]
[Date "2023.05.23"]
[WhiteClock "0:00:47"]
[BlackClock "0:00:45"]

1. d4 d5 2. Nf3 e6 3. c4 Nf6 4. Nc3 Bb4 5. Qb3 a5 6. Bg5 c5 7. cxd5 a4 8. Qc2 a3 9. dxc5 Qxd5 10. Bxf6 gxf6 11. Nd2 Qxc5 12. Nde4 Qe5 13. Rb1 f5 14. Nd2 axb2 15. Nd1 O-O 16. Rxb2 Nc6 17. e3 Rd8 18. Qb1 Qa5 19. Bd3 Ne5 0-1


[Site "https://www.chess.com"]

[Event "Titled Tuesday Blitz May 23 Late 2023"]
[White "Bortnyk, Olexandr"]
[Black "Sychev, Klementy"]
[WhiteFideId "14120828"]
[BlackFideId "4114060"]
[WhiteElo "2734"]
[BlackElo "2583"]
[Result "1-0"]
[Round "05"]
[TimeControl "180+2"]
[Date "2023.05.23"]
[WhiteClock "0:00:13"]
[BlackClock "0:00:00"]

1. d4 d5 2. Nc3 Bf5 3. f3 Bg6 4. h4 h6 5. Bf4 c6 6. h5 Bh7 7. e3 Nd7 8. Bd3 Bxd3 9. cxd3 Ngf6 10. Nge2 e6 11. a3 Be7 12. g4 a6 13. Kf2 Nh7 14. Qb3 Ra7 15. Bg3 O-O 16. Kg2 Re8 17. Rac1 Bf8 18. Nd1 e5 19. dxe5 Nxe5 20. d4 Nc4 21. e4 dxe4 22. Qxc4 exf3+ 23. Kxf3 b5 24. Qb3 Ng5+ 25. Kf2 c5 26. Bf4 c4 27. Qc2 Ne4+ 28. Kg1 Qd7 29. Ne3 Bd6 30. Rf1 Ng5 31. Bxg5 hxg5 32. Nf5 Bf8 33. Rh2 Qd8 34. Rhf2 Rd7 35. Nc3 Qa8 36. Qd1 Qb7 37. Qf3 Qb8 38. Kg2 a5 39. Qc6 Qd8 40. Qxb5 Qc8 41. d5 Rb7 42. Qxa5 Qb8 43. Qa6 Rxb2 44. Qxc4 1-0


[Site "https://www.chess.com"]

[Event "Titled Tuesday Blitz May 23 Late 2023"]
[White "Sarana, Alexey"]
[Black "Remizov, Yaroslav"]
[WhiteFideId "24133795"]
[BlackFideId "34134015"]
[WhiteElo "2714"]
[BlackElo "2400"]
[Result "1/2-1/2"]
[Round "05"]
[TimeControl "180+2"]
[Date "2023.05.23"]
[WhiteClock "0:00:08"]
[BlackClock "0:00:12"]

1. d4 d5 2. c4 e6 3. Nf3 Nf6 4. Nc3 c6 5. e3 Nbd7 6. Bd3 dxc4 7. Bxc4 b5 8. Bd3 Bd6 9. Qc2 Bb7 10. e4 e5 11. Bg5 O-O 12. dxe5 Nxe5 13. Nxe5 Bxe5 14. f4 Bxc3+ 15. bxc3 Qb6 16. Qf2 Nxe4 17. Bxe4 Rfe8 18. O-O Rxe4 19. f5 f6 20. Bc1 Rae8 21. Qxb6 axb6 22. Bd2 c5 23. Rae1 Ra8 24. Ra1 Rea4 25. Rfe1 Rxa2 26. Rxa2 Rxa2 27. Bf4 Rxg2+ 28. Kf1 h5 29. Re6 Rc2 30. Rxb6 Be4 31. Ke1 Rxc3 32. Rxb5 Bxf5 33. Bd6 Rc1+ 34. Kd2 Rc2+ 35. Kd1 Bd3 36. Rxc5 Rxc5 37. Bxc5 Kf7 38. Ke1 g5 39. Kf2 Kg6 40. Bb6 Bb5 41. Bd8 f5 42. Bc7 h4 43. Bd8 Kh5 44. Be7 Bd7 45. Bd8 f4 46. Bc7 Kg4 47. Bd6 Kh3 48. Kg1 f3 49. Kf2 Bc6 50. Bc7 Bd5 51. Bb8 Kg4 52. Bc7 Kf5 53. Bd8 Kf4 54. Be7 Kg4 55. Bd8 Be4 56. Be7 Bb7 57. Bd8 Kf4 58. Be7 Kf5 59. Bd8 Bc6 60. Be7 g4 61. Bxh4 Kf4 62. Bg3+ Kf5 63. Bb8 Bd5 64. Bc7 Bc6 65. Bb8 Bd5 66. Bc7 Bc6 67. Bb8 1/2-1/2


[Site "https://www.chess.com"]

[Event "Titled Tuesday Blitz May 23 Late 2023"]
[White "Kramnik, Vladimir"]
[Black "Bachmann, Axel"]
[WhiteFideId "4101588"]
[BlackFideId "3700488"]
[WhiteElo "2703"]
[BlackElo "2605"]
[Result "0-1"]
[Round "05"]
[TimeControl "180+2"]
[Date "2023.05.23"]
[WhiteClock "0:00:00"]
[BlackClock "0:00:04"]

1. e4 Nc6 2. Nf3 d6 3. d4 Nf6 4. Nc3 Bg4 5. Bb5 a6 6. Bxc6+ bxc6 7. h3 Bh5 8. Bg5 Qb8 9. b3 e6 10. O-O d5 11. exd5 cxd5 12. g4 Bg6 13. Nh4 Bb4 14. Bxf6 gxf6 15. Ne2 Bd6 16. c4 c6 17. Rc1 Rg8 18. Kg2 h5 19. Nxg6 Rxg6 20. f3 f5 21. Rh1 Kd7 22. Qc2 Qb7 23. Kf2 hxg4 24. hxg4 fxg4 25. f4 g3+ 26. Ke3 Rag8 27. c5 Bc7 28. Rh7 R6g7 29. Rxg7 Rxg7 30. Rg1 Qb8 31. Qd1 g2 32. Qe1 Qh8 33. Qf2 Qh3+ 34. Kd2 Ba5+ 35. Kc2 Qf5+ 36. Kb2 Qd3 37. Ka3 Qd2 38. Ra1 Bc3 0-1


[Site "https://www.chess.com"]

[Event "Titled Tuesday Blitz May 23 Late 2023"]
[White "Rasulov, Vugar"]
[Black "Fernandez Guillen, Ernesto J."]
[WhiteFideId "13402390"]
[BlackFideId "3512428"]
[WhiteElo "2509"]
[BlackElo "2429"]
[Result "1-0"]
[Round "05"]
[TimeControl "180+2"]
[Date "2023.05.23"]
[WhiteClock "0:00:15"]
[BlackClock "0:00:09"]

1. c4 e6 2. g3 Nf6 3. Bg2 c5 4. Nf3 Nc6 5. O-O Be7 6. d4 cxd4 7. Nxd4 O-O 8. Nc3 a6 9. b3 Qc7 10. Bb2 Rd8 11. Rc1 Qb8 12. e4 Nxd4 13. Qxd4 d6 14. Na4 b5 15. Nb6 e5 16. Nxc8 exd4 17. Nxe7+ Kf8 18. Nc6 Qb6 19. Nxd8 Rxd8 20. Rfd1 Qa5 21. Bxd4 bxc4 22. bxc4 Nd7 23. Bc3 Qa3 24. e5 Nc5 25. h3 Ne6 26. exd6 Rxd6 27. Bd5 f6 28. Be1 Nc7 29. Rb1 Nxd5 30. Rxd5 Rxd5 31. Bb4+ Qxb4 32. Rxb4 Ra5 33. a4 Rc5 34. Kg2 a5 35. Rb5 Rxc4 36. Rxa5 Rc3 37. Ra7 Ra3 38. a5 h5 39. Kf1 Kg8 40. Ke2 Kh7 41. a6 Kg6 42. Ra8 Kf5 43. a7 g5 44. Kd2 h4 45. g4+ Kf4 46. Rf8 Rxa7 47. Rxf6+ Ke4 48. Rf5 Ra2+ 49. Ke1 Ra3 50. Kf1 Rxh3 51. Kg2 Ra3 52. f3+ Ke3 53. Re5+ Kd4 54. Rxg5 h3+ 55. Kg3 h2 56. Rh5 Ra1 57. Rxh2 Ke5 58. Rh5+ Kf6 59. Rb5 Kg6 60. Rb6+ Kg7 61. f4 1-0


[Site "https://www.chess.com"]

[Event "Titled Tuesday Blitz May 23 Late 2023"]
[White "Babazada, Khazar"]
[Black "Simonian, Hrair"]
[WhiteFideId "13413554"]
[BlackFideId "13302337"]
[WhiteElo "2351"]
[BlackElo "2447"]
[Result "1-0"]
[Round "05"]
[TimeControl "180+2"]
[Date "2023.05.23"]
[WhiteClock "0:01:35"]
[BlackClock "0:00:12"]

1. e4 c5 2. Nf3 e6 3. d4 cxd4 4. Nxd4 a6 5. Nc3 b5 6. Bd3 Bc5 7. Nb3 Be7 8. Qg4 g6 9. Qe2 h5 10. Bd2 Bb7 11. O-O-O Qc7 12. Rhe1 Nc6 13. Nd5 exd5 14. exd5 Nd8 15. Bc3 Rh7 16. Kb1 d6 17. Na5 Kf8 18. Qf3 Rg7 19. Re2 Bc8 20. h3 b4 21. Bxb4 Bd7 22. Qf4 Rb8 23. Rxe7 Rxb4 24. Rxd7 Qxd7 25. Qxb4 f5 26. Bxa6 Nf6 27. Nc6 Nxd5 28. Rxd5 Nxc6 29. Qxd6+ Qxd6 30. Rxd6 Re7 31. a3 1-0


[Site "https://www.chess.com"]

[Event "Titled Tuesday Blitz May 23 Late 2023"]
[White "Badmatsyrenov, Oleg"]
[Black "Carlsen, Magnus"]
[WhiteFideId "24115762"]
[BlackFideId "1503014"]
[WhiteElo "2396"]
[BlackElo "2852"]
[Result "0-1"]
[Round "05"]
[TimeControl "180+2"]
[Date "2023.05.23"]
[WhiteClock "0:00:02"]
[BlackClock "0:00:56"]

1. e4 d5 2. exd5 Qxd5 3. Nc3 Qd6 4. d4 Nf6 5. Bc4 a6 6. Nge2 b5 7. Bf4 Qb6 8. Bb3 Bb7 9. O-O Nbd7 10. Re1 c5 11. dxc5 Qc6 12. f3 e6 13. Bd6 Nxc5 14. Bxf8 Kxf8 15. Qd4 Qb6 16. Rad1 Ncd7 17. Ng3 Qxd4+ 18. Rxd4 Nc5 19. Nce4 Nfxe4 20. Nxe4 Bxe4 21. fxe4 Ke7 22. c3 Rhc8 23. Kf2 a5 24. Bc2 b4 25. cxb4 axb4 26. Rxb4 Rxa2 27. Re2 Rc7 28. Ke3 Nd7 29. Rb5 g6 30. h3 h5 31. Bd3 Ra1 32. Rc2 Rca7 33. Rf2 Re1+ 34. Re2 Raa1 35. Rxe1 Rxe1+ 36. Kf2 Ra1 37. Rb7 Kd6 38. Bb5 Ne5 39. Be2 h4 40. Ke3 g5 41. Rb6+ Ke7 42. Rb7+ Kf6 43. b4 Ra3+ 44. Kd4 Ra2 45. Ke3 Ng6 46. b5 Nf4 47. Bf3 Nxg2+ 48. Bxg2 Rxg2 49. Kd4 Rg3 50. e5+ Kg7 51. Kc4 Rxh3 52. b6 Rh1 53. Rd7 Rb1 54. Kc5 h3 55. Rd2 g4 56. Rd4 h2 57. Rxg4+ Kf8 58. Rh4 h1=Q 59. Rxh1 Rxh1 60. b7 Rb1 61. b8=Q+ Rxb8 0-1


[Site "https://www.chess.com"]

[Event "Titled Tuesday Blitz May 23 Late 2023"]
[White "Keymer, Vincent"]
[Black "Nakamura, Hikaru"]
[WhiteFideId "12940690"]
[BlackFideId "2016192"]
[WhiteElo "2669"]
[BlackElo "2885"]
[Result "0-1"]
[Round "05"]
[TimeControl "180+2"]
[Date "2023.05.23"]
[WhiteClock "0:00:00"]
[BlackClock "0:00:15"]

1. Nf3 d5 2. e3 Nf6 3. c4 e6 4. Nc3 a6 5. b3 dxc4 6. bxc4 c5 7. Bb2 b6 8. g3 Bb7 9. Bg2 Be7 10. O-O O-O 11. Qe2 Nc6 12. Ne1 Qc7 13. f4 Na5 14. g4 Bxg2 15. Nxg2 Rad8 16. g5 Ne8 17. d3 Nd6 18. a4 Nc6 19. Rad1 Qb7 20. Ba1 Nb4 21. Rf3 f6 22. gxf6 Bxf6 23. Rh3 Qf7 24. Qg4 Nf5 25. Qe2 Qg6 26. Kh1 Nxd3 27. e4 Bxc3 28. Rhxd3 Rxd3 29. Qxd3 Bxa1 30. exf5 Qf6 31. fxe6 Bd4 32. Qe4 g6 33. Re1 Re8 34. Qc6 Qd8 35. Re4 Bf2 36. h4 Qd1+ 37. Re1 Qd8 38. Re4 Bxh4 0-1


[Site "https://www.chess.com"]

[Event "Titled Tuesday Blitz May 23 Late 2023"]
[White "Talibov, Shiroghlan"]
[Black "Naroditsky, Daniel"]
[WhiteFideId "13429078"]
[BlackFideId "2026961"]
[WhiteElo "2188"]
[BlackElo "2633"]
[Result "0-1"]
[Round "05"]
[TimeControl "180+2"]
[Date "2023.05.23"]
[WhiteClock "0:00:49"]
[BlackClock "0:00:35"]

1. c4 g6 2. d4 Bg7 3. Nc3 d6 4. e4 Nf6 5. h3 O-O 6. Nf3 a5 7. Be2 Na6 8. Be3 e5 9. d5 Nc5 10. Nd2 Ne8 11. g4 f5 12. gxf5 gxf5 13. Rg1 Kh8 14. exf5 Bxf5 15. Bxc5 dxc5 16. Bg4 Bg6 17. Nce4 b6 18. Qe2 Nd6 19. Nxd6 cxd6 20. Ne4 Bxe4 21. Qxe4 Rf4 22. Qe2 Qf6 23. Rg2 Rf8 24. Rd1 e4 25. Be6 e3 26. Qxe3 Qxb2 27. Qe2 Qc3+ 28. Kf1 Bd4 29. Rxd4 cxd4 30. Kg1 d3 31. Qh5 Qe1+ 32. Kh2 Rxf2 0-1


[Site "https://www.chess.com"]

[Event "Titled Tuesday Blitz May 23 Late 2023"]
[White "Paravyan, David"]
[Black "Rustemov, Alexander"]
[WhiteFideId "4194985"]
[BlackFideId "4119002"]
[WhiteElo "2563"]
[BlackElo "2862"]
[Result "1-0"]
[Round "05"]
[TimeControl "180+2"]
[Date "2023.05.23"]
[WhiteClock "0:01:01"]
[BlackClock "0:00:00"]

1. e4 e6 2. d4 d5 3. Nd2 dxe4 4. Nxe4 Bd7 5. Nf3 Bc6 6. Bd3 Nd7 7. O-O Ngf6 8. Ng3 Be7 9. a4 O-O 10. a5 b6 11. Bd2 Rc8 12. Re1 Bb7 13. a6 Ba8 14. c3 c5 15. Bb5 Qc7 16. Rc1 Rfd8 17. Qe2 Bc6 18. h3 h6 19. Be3 Bxb5 20. Qxb5 Qc6 21. Qxc6 Rxc6 22. c4 Rdc8 23. b3 R6c7 24. Bf4 Nb8 25. Bxc7 Rxc7 26. Ra1 Nc6 27. Red1 cxd4 28. Nxd4 Nxd4 29. Rxd4 Kf8 30. Ne2 Bc5 31. Rd8+ Ke7 32. Rb8 Ne4 33. Rd1 Nxf2 34. Rdd8 Ne4+ 35. Kf1 Bd6 36. Re8+ Kf6 37. Rbc8 Nd2+ 38. Ke1 Nxb3 39. Rxc7 Bxc7 40. Ra8 Be5 41. Rxa7 Nc5 42. Rxf7+ Kxf7 43. a7 Nd3+ 44. Kf1 1-0


[Site "https://www.chess.com"]

[Event "Titled Tuesday Blitz May 23 Late 2023"]
[White "Zakhartsov, Vladimir"]
[Black "Maksimovic, Bojan"]
[WhiteFideId "4145097"]
[BlackFideId "14408120"]
[WhiteElo "2495"]
[BlackElo "2468"]
[Result "1-0"]
[Round "05"]
[TimeControl "180+2"]
[Date "2023.05.23"]
[WhiteClock "0:00:16"]
[BlackClock "0:00:00"]

1. e4 g6 2. d4 Nf6 3. e5 Nh5 4. Nf3 d6 5. Bc4 Nc6 6. Qe2 dxe5 7. dxe5 Nd4 8. Nxd4 Qxd4 9. c3 Qg4 10. O-O Qxe2 11. Bxe2 Ng7 12. g4 h5 13. h3 Bd7 14. Be3 hxg4 15. hxg4 Bc6 16. f3 Ne6 17. Bc4 O-O-O 18. Bxe6+ fxe6 19. Nd2 Rd3 20. Rae1 Bg7 21. Bg5 Rhd8 22. Rf2 R8d5 23. Bf4 Ra5 24. a3 g5 25. Bg3 Rad5 26. Nc4 Rd1 27. Rxd1 Rxd1+ 28. Kg2 Rd3 29. Nd2 a5 30. Kf1 Bb5 31. Ke1 Kd7 32. c4 Bc6 33. Ke2 Rd4 34. Ke3 Rxd2 35. Rxd2+ Ke8 36. b4 axb4 37. axb4 Kf7 38. b5 Be8 39. Rd8 1-0


[Site "https://www.chess.com"]

[Event "Titled Tuesday Blitz May 23 Late 2023"]
[White "Zwirs, Nico"]
[Black "Cordova, Emilio"]
[WhiteFideId "1036432"]
[BlackFideId "3801497"]
[WhiteElo "2381"]
[BlackElo "2607"]
[Result "1-0"]
[Round "05"]
[TimeControl "180+2"]
[Date "2023.05.23"]
[WhiteClock "0:00:10"]
[BlackClock "0:00:02"]

1. e4 c5 2. Nf3 Nc6 3. d4 cxd4 4. Nxd4 Nf6 5. Nc3 d6 6. f3 Bd7 7. Be3 Rc8 8. Qd2 a6 9. O-O-O h5 10. Kb1 e6 11. Nxc6 Bxc6 12. Ne2 b5 13. Nd4 Bb7 14. Bd3 Qc7 15. Rhe1 Be7 16. h3 h4 17. Bg1 Nd7 18. Bh2 Ne5 19. Bxb5+ axb5 20. Nxb5 Qb6 21. Nxd6+ Bxd6 22. Qxd6 Qxd6 23. Rxd6 Nc4 24. Rd3 Ke7 25. Red1 Rhd8 26. Bf4 f6 27. Rxd8 Rxd8 28. Rxd8 Kxd8 29. b3 Na3+ 30. Kb2 Nb5 31. c4 Nd4 32. Be3 Ne2 33. Kc2 e5 34. Kd2 Ng3 35. Bf2 Nh5 36. Be3 Ba6 37. a4 Kd7 38. Kd3 g5 39. b4 Ng7 40. b5 Bc8 41. c5 Kc7 42. c6 Be6 43. a5 Ne8 44. Bc5 Kb8 45. Kc3 f5 46. a6 fxe4 47. fxe4 Bc8 48. Kb4 Ka8 49. Ka5 Nc7 50. Bd6 Nxb5 51. Kxb5 g4 52. hxg4 Bxg4 53. c7 Ka7 54. Bxe5 Be2+ 55. Kc6 Bxa6 56. Kd7 Bb5+ 57. Kd8 1-0


[Site "https://www.chess.com"]

[Event "Titled Tuesday Blitz May 23 Late 2023"]
[White "Williams, Simon K"]
[Black "Duda, Jan-Krzysztof"]
[WhiteFideId "404454"]
[BlackFideId "1170546"]
[WhiteElo "2468"]
[BlackElo "2790"]
[Result "0-1"]
[Round "05"]
[TimeControl "180+2"]
[Date "2023.05.23"]
[WhiteClock "0:00:13"]
[BlackClock "0:01:09"]

1. d4 d5 2. c4 c6 3. cxd5 cxd5 4. Nc3 Nc6 5. f3 e6 6. e4 dxe4 7. Be3 exf3 8. Nxf3 Nf6 9. Bd3 Ng4 10. Qe2 Be7 11. O-O-O Nb4 12. Be4 Nxe3 13. Qxe3 Nd5 14. Qd3 Nxc3 15. bxc3 f5 16. Bxf5 exf5 17. Qc4 b5 18. Qb3 Bb7 19. Rhe1 Qd5 20. Qb4 Qd7 21. Re5 Be4 22. Ng5 Kf8 23. Ne6+ Qxe6 0-1


[Site "https://www.chess.com"]

[Event "Titled Tuesday Blitz May 23 Late 2023"]
[White "Grischuk, Alexander"]
[Black "Szpar, Milosz"]
[WhiteFideId "4126025"]
[BlackFideId "1184989"]
[WhiteElo "2721"]
[BlackElo "2434"]
[Result "1-0"]
[Round "05"]
[TimeControl "180+2"]
[Date "2023.05.23"]
[WhiteClock "0:00:03"]
[BlackClock "0:00:05"]

1. Nf3 Nf6 2. g3 c5 3. Bg2 Nc6 4. O-O g6 5. d4 cxd4 6. Nxd4 Bg7 7. c4 O-O 8. Nc3 Qa5 9. Nb3 Qh5 10. Nd5 d6 11. Nf4 Qe5 12. e4 Bg4 13. f3 Be6 14. Nd5 Rac8 15. Rf2 Rfe8 16. g4 g5 17. f4 gxf4 18. Bxf4 Nxg4 19. Bxe5 Nxf2 20. Kxf2 Nxe5 21. Nd4 Rxc4 22. Nxe6 fxe6 23. Ne3 Rd4 24. Qb3 d5 25. Rd1 Rf8+ 26. Kg1 Nf3+ 27. Kh1 Nd2 28. Qxb7 Nxe4 29. Bxe4 Rxe4 30. Nf1 Re2 31. Ng3 Rxb2 32. Qxe7 Rff2 33. Qxe6+ Kh8 34. Qe8+ Bf8 35. Nf1 d4 36. Qe5+ Bg7 37. Qe8+ Bf8 38. Qe4 Bg7 39. Kg1 Rf8 40. Rc1 Rb6 41. Ng3 Rg6 42. Rf1 Rg8 43. Kh1 Rd8 44. Nf5 d3 45. Nxg7 Rxg7 46. Qe5 d2 47. Rg1 d1=Q 48. Qxg7# 1-0


[Site "https://www.chess.com"]

[Event "Titled Tuesday Blitz May 23 Late 2023"]
[White "Andreikin, Dmitry"]
[Black "Nazari, Arad"]
[WhiteFideId "4158814"]
[BlackFideId "12577324"]
[WhiteElo "2736"]
[BlackElo "2175"]
[Result "1-0"]
[Round "05"]
[TimeControl "180+2"]
[Date "2023.05.23"]
[WhiteClock "0:00:43"]
[BlackClock "0:00:00"]

1. e4 c5 2. Nf3 d6 3. c3 Nf6 4. h3 g6 5. Bd3 Bg7 6. Bc2 O-O 7. d4 a6 8. O-O b5 9. e5 Nd5 10. exd6 Qxd6 11. Nbd2 cxd4 12. Ne4 Qb6 13. Nxd4 Bb7 14. Qe2 Nc6 15. Nb3 Ne5 16. Nec5 Bc6 17. Be4 Rac8 18. Re1 e6 19. h4 Nd7 20. Nxd7 Bxd7 21. Bxd5 exd5 22. Be3 Qf6 23. Bg5 Qd6 24. Be7 Qf4 25. g3 Qc4 26. Bxf8 Rxf8 27. Qxc4 bxc4 28. Nc5 Bb5 29. a4 Bc6 30. Nxa6 d4 31. Nb4 Bf3 32. a5 dxc3 33. Ra3 Ra8 34. bxc3 Rb8 35. a6 1-0


[Site "https://www.chess.com"]

[Event "Titled Tuesday Blitz May 23 Late 2023"]
[White "Martinez Alcantara, Jose Eduardo"]
[Black "Chen, Ryo"]
[WhiteFideId "3805662"]
[BlackFideId "7003072"]
[WhiteElo "2711"]
[BlackElo "2169"]
[Result "1-0"]
[Round "05"]
[TimeControl "180+2"]
[Date "2023.05.23"]
[WhiteClock "0:00:40"]
[BlackClock "0:00:11"]

1. e4 c5 2. Nf3 d6 3. c3 Nf6 4. h3 g6 5. Bd3 Nc6 6. Bc2 e5 7. d4 exd4 8. cxd4 cxd4 9. Nxd4 Bg7 10. Nxc6 bxc6 11. O-O O-O 12. Nc3 d5 13. Bg5 h6 14. Be3 Nxe4 15. Nxe4 dxe4 16. Bxe4 Be6 17. b3 Bd5 18. Bxd5 cxd5 19. Bd4 Qg5 20. Bxg7 Kxg7 21. Qd4+ Kg8 22. Rad1 a5 23. Qxd5 Qxd5 24. Rxd5 a4 25. Rd2 axb3 26. axb3 Rfb8 27. Rb1 Rb4 28. Kf1 Rab8 29. Rd3 Kg7 30. Ke2 g5 31. Kd2 h5 32. Kc3 R4b6 33. b4 Rc6+ 34. Kd2 Rb5 35. Rd4 Kg6 36. Kd3 f5 37. Re1 f4 38. h4 gxh4 39. Rxf4 Rd5+ 40. Rd4 Rf5 41. Re2 Kg5 42. Rb2 Rcf6 43. Ke3 h3 44. gxh3 Rf3+ 45. Ke4 Rxf2 46. Rxf2 Rxf2 47. Kd5 Rf3 48. h4+ Kf5 49. b5 Rb3 50. Kc5 Rc3+ 51. Rc4 Rb3 52. Rb4 Rc3+ 53. Kd6 Rd3+ 54. Ke7 Re3+ 55. Kf7 Rd3 56. b6 Rd7+ 57. Ke8 Rb7 58. Kd8 Ke6 59. Kc8 Rh7 60. b7 Rh8+ 61. Kc7 Rh7+ 62. Kc6 1-0


[Site "https://www.chess.com"]

[Event "Titled Tuesday Blitz May 23 Late 2023"]
[White "Hamitevici, Vladimir"]
[Black "Checa, Nicolas"]
[WhiteFideId "13902393"]
[BlackFideId "2069342"]
[WhiteElo "2401"]
[BlackElo "2507"]
[Result "0-1"]
[Round "05"]
[TimeControl "180+2"]
[Date "2023.05.23"]
[WhiteClock "0:00:00"]
[BlackClock "0:01:53"]

1. e4 e6 2. Qe2 Be7 3. Nf3 d5 4. d3 Nf6 5. Nbd2 b6 6. g3 dxe4 7. Nxe4 Bb7 8. Bg2 Nbd7 9. O-O O-O 10. Re1 c5 11. Nfd2 Qc7 12. Nc4 Nxe4 13. Bxe4 Bxe4 14. dxe4 b5 15. Na3 a6 16. c4 b4 17. Nc2 Ne5 18. Bf4 Bf6 19. g4 g5 20. Bg3 Qb6 21. Rad1 Rad8 22. b3 Rxd1 23. Rxd1 Rd8 24. f4 gxf4 25. Bxf4 Ng6 26. Bg3 Be5 27. Bxe5 Nxe5 28. Kg2 Qc7 29. h3 Ng6 0-1


[Site "https://www.chess.com"]

[Event "Titled Tuesday Blitz May 23 Late 2023"]
[White "Martinez Ramirez, Lennis"]
[Black "Hakobyan, Aram"]
[WhiteFideId "3509079"]
[BlackFideId "13306677"]
[WhiteElo "2410"]
[BlackElo "2584"]
[Result "0-1"]
[Round "05"]
[TimeControl "180+2"]
[Date "2023.05.23"]
[WhiteClock "0:00:05"]
[BlackClock "0:01:09"]

1. c4 g6 2. Nc3 Bg7 3. Nf3 d6 4. d4 Nc6 5. d5 Ne5 6. Nxe5 Bxe5 7. e4 e6 8. Be2 Nf6 9. Qd3 O-O 10. O-O exd5 11. cxd5 Re8 12. Bg5 c5 13. dxc6 bxc6 14. f4 Bxc3 15. bxc3 Qb6+ 16. Qd4 Nxe4 17. Bf3 d5 18. Rfe1 Ba6 19. Bxe4 dxe4 20. g4 Rab8 21. Qxb6 Rxb6 22. Rad1 Rb2 23. Bf6 Be2 24. Rb1 Rxa2 25. Ra1 Rxa1 26. Rxa1 Bxg4 27. Rxa7 e3 28. Re7 Kf8 29. Rxe8+ Kxe8 30. Bd4 e2 31. Kf2 Kd7 32. c4 Ke6 33. c5 Kd5 34. Be3 Ke4 35. Bc1 Kd3 36. Ke1 Kd4 37. Ba3 Ke3 38. Bc1+ Kf3 39. h4 Kg3 40. h5 gxh5 41. f5 h4 42. Be3 h3 43. Bf2+ Kg2 44. Bd4 h2 45. Be5 h1=Q+ 46. Kd2 Qd1+ 47. Ke3 e1=Q+ 48. Kf4 h6 49. Bd6 Qf3# 0-1


[Site "https://www.chess.com"]

[Event "Titled Tuesday Blitz May 23 Late 2023"]
[White "Bortnyk, Mykola"]
[Black "Gritsenko, Nikolai"]
[WhiteFideId "14120836"]
[BlackFideId "14112493"]
[WhiteElo "2582"]
[BlackElo "2389"]
[Result "1-0"]
[Round "05"]
[TimeControl "180+2"]
[Date "2023.05.23"]
[WhiteClock "0:00:04"]
[BlackClock "0:00:00"]

1. e4 d5 2. exd5 Nf6 3. Nc3 Nxd5 4. Nf3 c6 5. d4 Bf5 6. Nh4 Be6 7. Ne4 h6 8. c3 Nd7 9. Bd3 g5 10. Nf3 Qc7 11. Qe2 Bg7 12. Bd2 Nf4 13. Bxf4 Qxf4 14. Ng3 h5 15. h4 Bg4 16. hxg5 h4 17. Qe4 Qxe4+ 18. Nxe4 h3 19. Ng1 hxg2 20. Rxh8+ Bxh8 21. f3 Bh5 22. Ng3 Bg6 23. Bxg6 fxg6 24. Kf2 c5 25. d5 Nb6 26. Rd1 Rd8 27. Ne4 c4 28. d6 Be5 29. Re1 Bxd6 30. Kxg2 Nd5 31. Nxd6+ Rxd6 32. Kg3 Ra6 33. a3 Nb6 34. Re4 Ra5 35. Nh3 Rc5 36. Kg4 Na4 37. Re2 Rb5 38. Nf4 Kf7 39. Rh2 Rxb2 40. Rh7+ Ke8 41. Nxg6 Nxc3 42. Rxe7+ Kd8 43. Re1 Nd5 44. Nf4 Ne7 45. g6 c3 46. Rd1+ Ke8 47. Rc1 c2 48. Kg5 b5 49. Kf6 Nxg6 50. Kxg6 Rb3 51. Rxc2 Rxf3 52. Nd5 Rxa3 53. Kf6 Kd7 54. Ke5 b4 55. Rc7+ Kd8 56. Rb7 1-0


[Site "https://www.chess.com"]

[Event "Titled Tuesday Blitz May 23 Late 2023"]
[White "Svane, Rasmus"]
[Black "Morefield, Jason"]
[WhiteFideId "4657101"]
[BlackFideId "30920825"]
[WhiteElo "2601"]
[BlackElo "2171"]
[Result "1/2-1/2"]
[Round "05"]
[TimeControl "180+2"]
[Date "2023.05.23"]
[WhiteClock "0:00:08"]
[BlackClock "0:00:08"]

1. Nf3 d5 2. g3 g6 3. Bg2 Bg7 4. d4 c6 5. O-O Nf6 6. c4 O-O 7. Qb3 Qb6 8. Nc3 dxc4 9. Qxc4 Bf5 10. Re1 Ne4 11. Qb3 Qxb3 12. axb3 Nd7 13. Nh4 Nxc3 14. bxc3 Be6 15. b4 Nb6 16. e4 Bc4 17. Nf3 Rfd8 18. Bf4 f6 19. Ra5 g5 20. Be3 Bf7 21. Rea1 a6 22. Nd2 Nc4 23. Nxc4 Bxc4 24. Bf1 Bxf1 25. Kxf1 e6 26. g4 Kf7 27. Ke2 Rh8 28. c4 Rad8 29. b5 axb5 30. cxb5 h5 31. bxc6 bxc6 32. h4 hxg4 33. hxg5 fxg5 34. Rxg5 Bxd4 35. Bxd4 Rxd4 36. Rxg4 c5 37. Ke3 Rhd8 38. Kf4 Kf6 39. Ra3 c4 40. Rf3 Rd3 41. e5+ Kf7 42. Rgg3 R8d4+ 43. Kg5+ Ke7 44. Kg6 Rxf3 45. Rxf3 Rg4+ 46. Kh5 Re4 47. Rc3 Rxe5+ 48. Kg4 Rc5 49. Kf4 Kd6 50. Ke4 e5 51. f3 Ke6 52. f4 exf4 53. Kxf4 Kd5 54. Ke3 Rc6 55. Kd2 Rh6 56. Rg3 Rh4 57. Kc3 Rh5 58. Rf3 Kc5 59. Rg3 Rd5 60. Rf3 Rd3+ 61. Rxd3 cxd3 62. Kxd3 1/2-1/2


[Site "https://www.chess.com"]

[Event "Titled Tuesday Blitz May 23 Late 2023"]
[White "Sjugirov, Sanan"]
[Black "benny_aizenberg"]
[WhiteFideId "4189302"]
[WhiteElo "2569"]
[BlackElo "2698"]
[Result "1-0"]
[Round "05"]
[TimeControl "180+2"]
[Date "2023.05.23"]
[WhiteClock "0:01:50"]
[BlackClock "0:01:23"]

1. d4 f5 2. Bf4 Nf6 3. e3 d6 4. Nc3 Nbd7 5. Nf3 c6 6. Bd3 g6 7. h4 Qa5 8. Bh2 e5 9. Be2 Bg7 10. dxe5 dxe5 11. Qd6 Ne4 12. Qe6+ Kf8 13. Bc4 Nd6 14. Qxd6+ Ke8 15. Ng5 Bf8 16. Bf7+ Kd8 17. Ne6# 1-0


[Site "https://www.chess.com"]

[Event "Titled Tuesday Blitz May 23 Late 2023"]
[White "Terry, Renato"]
[Black "Horvath, Dominik"]
[WhiteFideId "3803457"]
[BlackFideId "1642561"]
[WhiteElo "2575"]
[BlackElo "2407"]
[Result "1-0"]
[Round "05"]
[TimeControl "180+2"]
[Date "2023.05.23"]
[WhiteClock "0:00:13"]
[BlackClock "0:00:00"]

1. e4 c6 2. Nf3 d5 3. exd5 cxd5 4. Ne5 Nc6 5. d4 a6 6. c3 Nf6 7. Bd3 Nxe5 8. dxe5 Nd7 9. e6 Ne5 10. exf7+ Nxf7 11. O-O e5 12. c4 d4 13. Nd2 Be7 14. Qc2 g6 15. Re1 O-O 16. Nf3 Bf6 17. b3 Bg7 18. Ba3 Re8 19. Be4 Qa5 20. Qb2 Rb8 21. Rac1 Be6 22. c5 Bd7 23. b4 Qd8 24. Nd2 Bc6 25. Qb3 Qd7 26. Bxc6 bxc6 27. Qc4 Kh8 28. Ne4 Rf8 29. Qxa6 Qd5 30. Qd3 Qxa2 31. Ra1 Qd5 32. f3 Bh6 33. Kh1 Be3 34. Rab1 Rb5 35. Bc1 Bxc1 36. Rexc1 Nh6 37. Nd6 Rbb8 38. b5 cxb5 39. Nxb5 Rbc8 40. Qa3 e4 41. fxe4 Qxe4 42. Nd6 Qd5 43. Nxc8 Ng4 44. Nd6 Ne3 45. Rg1 Rf2 46. Qb3 1-0


[Site "https://www.chess.com"]